 Dungeon Crawl Stone Soup version 0.27-a0-1525-g1038ab4fd7 (webtiles) character file.

Game seed: 12944540559715976778

109 elagabalus the Poker (level 4, -8/37 HPs)
             Began as a Minotaur Gladiator on July 10, 2021.
             Splashed by Ijyb's acid (10 damage)
             ... on level 3 of the Dungeon.
             The game lasted 00:15:35 (1383 turns).

elagabalus the Poker (Minotaur Gladiator)           Turns: 1383, Time: 00:15:35

Health: -8/37      AC: 10    Str: 20    XL:     4   Next: 59%
Magic:  3/3        EV:  6    Int:  5    God:
Gold:   56         SH:  0    Dex: 11    Spells: 3/3 levels left

rFire    . . .     SeeInvis .   a - +0 trident
rCold    . . .     Faith    .   (no shield)
rNeg     . . .     Spirit   .   e - +0 plate armour
rPois    .         Reflect  .   c - +0 hat
rElec    .         Harm     .   (no cloak)
rCorr    .         Rampage  .   (no gloves)
Will     .....                  (no boots)
Stlth    ..........             (no amulet)
HPRegen  0.12/turn              (no ring)
MPRegen  0.08/turn              (no ring)

@: no status effects
A: horns 2, retaliatory headbutt
a: no special abilities


You were on level 3 of the Dungeon.
You visited 1 branch of the dungeon, and saw 3 of its levels.

You collected 56 gold pieces.

Inventory:

Hand Weapons
 a - a +0 trident (weapon)
Missiles
 d - 3 throwing nets
 k - 86 stones (quivered)
Armour
 c - a +0 hat (worn)
 e - a +0 plate armour (worn)
Scrolls
 h - a scroll of torment
 o - a scroll of amnesia
Potions
 i - a potion of mutation
 n - a potion of curing


   Skills:
 - Level 2.4 Fighting
 * Level 6.5 Polearms
 - Level 2.0 Throwing
 - Level 3.2 Dodging


You had 3 spell levels left.
You didn't know any spells.
Your spell library contained the following spells:

 Spells                   Type           Power      Damage    Failure   Level
 Shock                    Conj/Air       0%         1d3       100%        1
 Swiftness                Air            0%         N/A       100%        3
 Airstrike                Air            0%         N/A       100%        4


Dungeon Overview and Level Annotations

Branches:
Dungeon (3/15)

Altars:

Annotations:
D:3 Ijyb


Innate Abilities, Weirdness & Mutations

You have a pair of horns on your head.
You reflexively headbutt those who attack you in melee.


Message History

You kill the adder!
You see here an adder corpse.
Found a ring mail.
A frilled lizard comes into view.
Reach: a) +0 trident
Press: ? - help, Dir - move target, f - frilled lizard
Aim: a frilled lizard (about 62% to evade your +0 trident)
You reach to attack!
You barely miss the frilled lizard. You miss the frilled lizard.
The frilled lizard barely misses you.
You puncture the frilled lizard!
You kill the frilled lizard!
A dart slug comes into view.
The dart slug launches a dart at you.
The slug dart hits you but does no damage.
You puncture the dart slug!
You kill the dart slug!
Ijyb the Twisted Goblin comes into view.
She is wielding a +0 club and carrying a wand of acid (8).
Ijyb shouts!
Reach: a) +0 trident
Press: ? - help, Dir - move target, f - Ijyb
Aim: Ijyb, wielding a +0 club, wearing a +0 leather armour and carrying a wand of acid (8) (about 49% to evade your +0 trident)
You reach to attack!
You completely miss Ijyb. You hit Ijyb. Your headbutt misses Ijyb.
Ijyb is moderately wounded.
Ijyb hits you with a +0 club.
You closely miss Ijyb.
Ijyb is moderately wounded.
Ijyb hits you with a +0 club.
You hit Ijyb. You headbutt Ijyb.
Ijyb is heavily wounded.
Ijyb hits you but does no damage.
You closely miss Ijyb.
Ijyb is heavily wounded.
Ijyb zaps a wand.
The bolt of acid hits you!
You are splashed with acid!
You completely miss Ijyb. You headbutt Ijyb!
Ijyb is almost dead.
Ijyb zaps a wand.
The bolt of acid hits you!
* * * LOW HITPOINT WARNING * * *
You are splashed with acid!
You die...

##... #.... ##
#.... .# #....
### .# #....
#.. .#
#########.... #
#.# .#
#......###...
#.##.##g#
#.####.####.#
#.....@.#
#.#.........#
####.####
#.#.##.######
#.######.#.##.#
#.............#
###############


You could see Ijyb.

Vanquished Creatures
  4 gnolls (D:2)
  2 adders
  2 dart slugs
  An orc (D:2)
  A bat (D:1)
  4 endoplasms
  2 giant cockroaches (D:1)
  2 goblins
  3 hobgoblins (D:1)
  3 jackals (D:2)
  4 kobolds
  3 quokkas (D:1)
  10 ball pythons
  2 frilled lizards
  3 rats
46 creatures vanquished.

Notes
Turn   | Place    | Note
-------+----------+-------------------------------------------
     0 | D:1      | elagabalus the Minotaur Gladiator began the quest for the
                  | Orb.
     0 | D:1      | Reached XP level 1. HP: 18/18 MP: 0/0
    85 | D:1      | Reached skill level 4 in Polearms
   185 | D:1      | Reached XP level 2. HP: 25/25 MP: 1/1
   497 | D:1      | Reached skill level 5 in Polearms
   730 | D:1      | Reached XP level 3. HP: 30/30 MP: 2/2
   820 | D:2      | Found a faded altar of an unknown god.
   872 | D:2      | Reached skill level 6 in Polearms
   872 | D:2      | Reached XP level 4. HP: 23/37 MP: 3/3
  1376 | D:3      | Noticed Ijyb
  1383 | D:3      | Splashed by Ijyb's acid

Illustrated notes

Levels and vault maps discovered:
D:1:      lightli_arrival_lavapool, layout_basic
D:2:      layout_rooms, basic_ecumenical_altar
D:3:      layout_loops_cross, uniq_ijyb

Skill      XL: |  1  2  3 |
---------------+----------+-----
Polearms       | 4 5 6 |  6.5
Fighting       | |  2.4
Throwing       | |  2.0
Dodging        | |  3.2

Action                   |  1- 3 |  4- 6 || total
-------------------------+-------+-------++-------
Melee: Trident           |    67 |    58 ||   125
       Headbutt          |     6 |     9 ||    15
  Use: Scroll            |     2 |     2 ||     4
Armor: Plate armour      |     9 |    22 ||    31
       Chain mail        |    14 |     1 ||    15
Dodge: Dodged            |    14 |    11 ||    25

Table legend: (Time is in decaauts)
 A = Elapsed time spent in this place.
 B = Non-inter-level travel time spent in this place.
 C = Inter-level travel time spent in this place.
 D = Time resting spent in this place.
 E = Time spent auto-exploring this place.
 F = Levels seen in this place.
 G = Mean time per level.
                   A        B        C        D        E       F      G
               +--------+--------+--------+--------+--------+-----+--------+
         Total |   1386 |    364 |   1022 |      0 |      0 |   3 |  462.0 |
       Dungeon |   1386 |    364 |   1022 |      0 |      0 |   3 |  462.0 |
               +--------+--------+--------+--------+--------+-----+--------+

Top non-repeatable levels by time:
     D:1: 767 daAuts
     D:2: 431 daAuts
     D:3: 187 daAuts
